 Dungeon Crawl Stone Soup version 0.23-a0-389-g4a5eb33 (webtiles) character file.

42 iamserjio the Ducker (level 3, 17/17 HPs)
             Began as a Felid Chaos Knight on Oct 29, 2018.
             Was a Plaything of Xom.
             Quit the game on level 2 of the Dungeon.
             The game lasted 00:03:50 (2000 turns).

iamserjio the Ducker (Felid Chaos Knight)           Turns: 2000, Time: 00:03:51

Health: 17/17      AC:  1    Str:  8    XL:     3   Next: 33%
Magic:  4/4        EV: 20    Int: 13    God:    Xom [.....*]
Gold:   76         SH:  0    Dex: 16    Spells: 2/2 levels left
                                        Lives:  0   Deaths: 1

rFire    + + .     SeeInvis +     - Unarmed
rCold    + . .     Gourm    .   (shield unavailable)
rNeg     . . .     Faith    .   (armour unavailable)
rPois    .         Spirit   .   (helmet unavailable)
rElec    .         Reflect  .   (cloak unavailable)
rCorr    .         Harm     .   (gloves unavailable)
MR       .....                  (boots unavailable)
Stlth    +++.......             (no amulet)
HPRegen  0.05/turn              (no ring)
MPRegen  0.09/turn              (no ring)

@: quick
A: very small, no armour, no weapons or thrown items, stealth, claws 1, fangs 3,
horns 1, see invisible, carnivore, cold resistance 1, fire resistance 2, speed
1, sense surroundings 1, shaggy fur 1, slow metabolism 1, sharp paws
a: Renounce Religion


You were on level 2 of the Dungeon.
You worshipped Xom.
You were Xom's teddy bear.
You were not hungry.

You visited 1 branch of the dungeon, and saw 2 of its levels.

You collected 76 gold pieces.

Inventory:

Scrolls
 b - 5 scrolls of identify {unknown}
 c - 2 scrolls of amnesia {unknown}
 d - a scroll of magic mapping {unknown}
Potions
 g - a potion of resistance {unknown}
 h - a potion of degeneration {unknown}
Comestibles
 a - 2 rations
 f - 10 chunks of flesh


   Skills:
 - Level 3.0 Fighting
 * Level 4.7 Dodging
 * Level 3.6 Stealth
 + Level 3.5 Unarmed Combat


You had 2 spell levels left.
You didn't know any spells.
Your spell library was empty.

Dungeon Overview and Level Annotations

Branches:
Dungeon (2/15)

Altars:
Xom

Annotations:
D:2 Natasha


Innate Abilities, Weirdness & Mutations

You cannot wear armour.
You are incapable of wielding weapons or throwing items.
Your paws allow you to move quietly. (Stealth)
You have sharp claws.
You have razor-sharp teeth.
You have supernaturally acute eyesight. (SInv)
You are carnivorous and can eat meat at any time.
You cover ground quickly.
You are covered in fur. (AC +1)
You have a slow metabolism.
Your sharp claws are effective at attacking unaware monsters.
You have a pair of small horns on your head.
Your flesh is cold resistant. (rC+)
Your flesh is very heat resistant. (rF++)
You passively map a small area around you.


Message History

You see here a goblin corpse.
You scratch Natasha but do no damage. You headbutt Natasha.
Natasha completely misses you.
You scratch Natasha. Natasha claws you!
You scratch Natasha. Natasha misses you.
You closely miss Natasha. Your bite misses Natasha.
Natasha drinks a potion.
Natasha is healed!
The shadow imp misses you.
You closely miss Natasha. Natasha claws you!
* * * LOW HITPOINT WARNING * * *
The shadow imp barely misses you.
It was a potion of brilliance.
You feel clever all of a sudden.
Xom thinks this is hilarious!
Natasha claws you.
You die...
Xom chuckles heartily!
You are now level 3!
Xom thinks this is hilarious!
You rejoin the land of the living...

#.#######
#.......#
#.#####.# #.#
#.#
##########.#
#.#
...........#
#.#
############
#.# * **#.# * ,
, , #@# , , , ,
#># ,*** , ,
#.# ###### ,
,,,*#.# #....#
,
#.########.#.##
*
#.......##.#.##
* ,
###<....<.....#
#####.##.#### *
* #.##...#


There were no monsters in sight!

Vanquished Creatures
  Natasha (D:2)
  Robin (D:2)
  2 dart slugs (D:1)
  A leopard gecko (D:1)
  A giant cockroach (D:2)
  13 goblins
  5 hobgoblins (D:1)
  6 jackals
  5 bats
  7 frilled lizards
  4 kobolds
  3 rats
49 creatures vanquished.

Vanquished Creatures (collateral kills)
  A jackal (D:1)
  A quokka (D:1)
2 creatures vanquished.

Grand Total: 51 creatures vanquished

Notes
Turn   | Place    | Note
-------+----------+-------------------------------------------
     0 | D:1      | iamserjio the Felid Chaos Knight began the quest for the
                  | Orb.
     0 | D:1      | Reached XP level 1. HP: 10/10 MP: 2/2
    48 | D:1      | XOM: divination: magic mapping
    77 | D:1      | XOM: god gift: scroll labeled MIOL GEESTRIA {god gift}
   105 | D:1      | Reached skill level 1 in Stealth
   118 | D:1      | XOM: god gift: 48 gold pieces
   246 | D:1      | XOM: scenery: create altars
   287 | D:1      | Reached XP level 2. HP: 6/14 MP: 3/3
   300 | D:1      | XOM: polymorph hobgoblin -> quokka
   303 | D:1      | XOM: summons friendly hellwing
   329 | D:1      | XOM: polymorph hellwing -> chaos spawn
   460 | D:1      | XOM: 2-stop teleportation journey
   601 | D:1      | XOM: give mutations
   601 | D:1      | Gained mutation: Your flesh is heat resistant. (rF+) [Xom's
                  | grace]
   601 | D:1      | Gained mutation: Your flesh is very heat resistant. (rF++)
                  | [Xom's grace]
   676 | D:1      | Reached skill level 4 in Dodging
   967 | D:1      | Reached XP level 3. HP: 17/17 MP: 4/4
  1225 | D:1      | XOM: give mutations
  1225 | D:1      | Gained mutation: You passively map a small area around you.
                  | [Xom's grace]
  1225 | D:1      | Gained mutation: You have a pair of small horns on your
                  | head. [Xom's grace]
  1225 | D:1      | Gained mutation: Your flesh is cold resistant. (rC+) [Xom's
                  | grace]
  1314 | D:2      | XOM: butterfly on damage
  1355 | D:1      | XOM: scenery: create altars
  1706 | D:2      | Noticed Natasha
  1713 | D:2      | Killed Natasha
  1750 | D:2      | Noticed Robin
  1754 | D:2      | XOM: noise
  1765 | D:2      | Reached XP level 4. HP: 20/21 MP: 5/5
  1772 | D:2      | XOM: scenery: create altars
  1795 | D:2      | Killed Robin
  1987 | D:2      | Noticed Natasha
  1997 | D:2      | HP: 1/21 [Natasha (8)]
  1999 | D:2      | Slain by Natasha
  2000 | D:2      | Reached XP level 3. HP: -2/17 MP: 4/4
  2000 | D:2      | Quit the game

Vault maps used:
D:1:      saegor_arrival_under_anarchy
D:2:      first_ration, doesnt_xom_only_xom, uniq_robin, uniq_natasha

Skill      XL: |  1  2  3 |
---------------+----------+-----
Stealth        | 1 2 3 |  3.6
Dodging        | 4 |  4.7
Fighting       | |  3.0
Unarmed Combat | |  3.5

Action                   |  1- 3 |  4- 6 || total
-------------------------+-------+-------++-------
Melee: Unarmed           |   105 |    43 ||   148
       Bite              |     6 |     4 ||    10
       Punch             |     1 |       ||     1
       Headbutt          |     2 |     6 ||     8
  Use: Potion            |       |     1 ||     1
 Stab: Sleeping          |     6 |       ||     6
  Eat: Chunk             |     9 |     1 ||    10
Armor: Skin              |     5 |     4 ||     9
Dodge: Dodged            |    87 |    35 ||   122

Table legend:
 A = Non-vault XP
 B = Vault XP
 C = Vault XP percentage of total XP
 D = Non-vault monster count
 E = Vault monster count
 F = Vault count percentage of total count
                 A         B        C        D         E       F
            +---------+---------+-------+---------+---------+-------
      Total |      65 |      67 |  50.8 |      39 |      12 |  23.5
            +---------+---------+-------+---------+---------+-------
        D:1 |      51 |       0 |   0.0 |      30 |       0 |   0.0
        D:2 |      14 |      67 |  82.7 |       9 |      12 |  57.1
            +---------+---------+-------+---------+---------+-------
